 Dungeon Crawl Stone Soup version 0.31-a0-1074-g0b22e4e0f1 (webtiles) character file.

Game seed: 13191295434262306800

72 Curundu the Trooper (level 4, -4/40 HPs)
             Began as a Draconian Berserker on Nov 30, 2023.
             Was a Believer of Trog.
             Killed from afar by an orc wizard (13 damage)
             ... with a puff of flame
             ... on level 3 of the Dungeon.
             The game lasted 00:11:08 (1709 turns).

Curundu the Trooper (Draconian Berserker)           Turns: 1709, Time: 00:11:09

Health: -4/40      AC:  5    Str: 19    XL:     4   Next: 6%
Magic:  4/4        EV: 12    Int:  8    God:    Trog [**....]
Gold:   984        SH:  0    Dex: 12    Spells: 3/3 levels left

rFire   . . .        a - +0 falchion
rCold   . . .        (no shield)
rNeg    . . .        (body armour unavailable)
rPois   .            (helmet restricted)
rElec   .            (no cloak)
rCorr   .            (no gloves)
SInv    .            (no boots)
Will    .....        (no amulet)
Stlth   +            (no ring)
HPRegen 0.26/turn    (no ring)
MPRegen 0.09/turn

%: no passive effects
@: no status effects
A: AC +5, unfitting armour, cold-blooded
a: Renounce Religion, Berserk, Trog's Hand


You were on level 3 of the Dungeon.
You worshipped Trog.
Trog was pleased with you.
You visited 1 branch of the dungeon, and saw 3 of its levels.

You collected 984 gold pieces.

Inventory:

Hand Weapons
 a - a +0 falchion (weapon)
Missiles
 b - 2 poisoned darts (quivered)
 h - 3 curare-tipped darts
Magical Staves
 e - a staff of poison
Jewellery
 i - the amulet "Jotawuuh" {Faith rCorr}
   (You found it on level 3 of the Dungeon)

   [amulet of faith]

   Faith:     It allows you to gain divine favour quickly.
   rCorr:     It protects you from acid and corrosion.
Scrolls
 c - a scroll of identify
 d - a scroll of enchant armour
Potions
 f - a potion of enlightenment {unknown}
 g - a potion of attraction {unknown}


   Skills:
 + Level 4.1 Fighting
 + Level 3.7 Long Blades
 + Level 3.3 Dodging
 + Level 0.3 Stealth


You had 3 spell levels left.
You didn't know any spells.
Your spell library contained the following spells:

 Spells                   Type           Power      Damage    Failure   Level
 Blink                    Tloc           0%         N/A       54%         2
 Manifold Assault         Tloc           0%         N/A       99%         4


Dungeon Overview and Level Annotations

Branches:
Dungeon (3/15)

Altars:


Innate Abilities, Weirdness & Mutations

Your plain brown scales are hard. (AC +5)
You cannot fit into any form of body armour.
You are cold-blooded and may be slowed by cold attacks.


Message History

You completely miss something. The orc hits you with a +0 whip.
Something hits you but does no damage.
You miss something.
Your tail-slap misses something.
The orc barely misses you. Something hits you but does no damage.
You bump into the rock wall.
The orc hits you but does no damage. Something hits you but does no damage.
You bump into the rock wall.
You feel less confused. The orc hits you with a +0 whip. Something hits you.
You miss something. You tail-slap something. The orc hits you with a +0 whip.
Something hits you.
You barely miss something.
Your tail-slap misses something.
The orc closely misses you. Something hits you but does no damage.
You hit something but do no damage. The orc misses you.
Something hits you but does no damage.
You completely miss something. The orc hits you with a +0 whip.
Something hits you.
You slash the orc!
You kill the orc!
Trog accepts your kill. Something hits you but does no damage.
You hear some strange, mumbled words.
Something tries to affect you, but you resist.
Found a scroll labelled KATHOU XEF HISE.
Items here: ( ))))) [ †††.
You miss something.
Your tail-slap misses something.
Something hits you.
You hit something. Something hits you.
You miss something. Something hits you but does no damage.
You miss something. Something hits you.
* * * LOW HITPOINT WARNING * * *
You closely miss something. Something hits you.
* * * LOW HITPOINT WARNING * * *
You miss something. Something hits you but does no damage.
You miss something. Your punch misses something.
Something hits you but does no damage.
You closely miss something.
You hear some strange, mumbled words.
A puff of flame appears from out of thin air!
The puff of flame hits you!
You die...

#.###.#.
#......<
#####.#. #.#.
#############.#.
#..........[#.#.
#.#########.#.#.
#########.#
#.#.#.
.......@{.#
#.#.#.
####...##.#
#.#.#. .......
#.# #.#.#.
?###...
#.#########.#.#.
#...
#>#.........#<#.
#...
#.#.#########.#.
#...
#.#.#.......#.#.
...#
#.#.........#.#.
#.###.#######.#.


There were no monsters in sight!

Vanquished Creatures
  3 adders (D:2)
  A worm (D:2)
  A dart slug (D:1)
  4 orcs (D:3)
  An endoplasm (D:3)
  4 giant cockroaches (D:2)
  4 goblins
  A hobgoblin (D:2)
  A quokka (D:2)
  3 ball pythons
  4 bats
  A frilled lizard (D:1)
  4 kobolds
  2 rats
34 creatures vanquished.

Notes
Turn   | Place    | Note
-------+----------+-------------------------------------------
     0 | D:1      | Curundu the Draconian Berserker began the quest for the
                  | Orb.
     0 | D:1      | Reached XP level 1. HP: 19/19 MP: 1/1
   330 | D:1      | Reached XP level 2. HP: 27/27 MP: 2/2
   966 | D:2      | Reached XP level 3. HP: 9/33 MP: 3/3
  1080 | D:2      | Identified a scroll of acquirement
  1081 | D:2      | Acquired 821 gold pieces
  1267 | D:2      | Reached ** piety under Trog
  1508 | D:2      | Reached skill level 4 in Fighting
  1587 | D:3      | Identified the amulet "Jotawuuh" {Faith rCorr}
  1678 | D:3      | Reached XP level 4. HP: 35/40 MP: 4/4
  1709 | D:3      | Killed from afar by an orc wizard

Illustrated notes

Levels and vault maps discovered:
D:1:      minmay_arrival_split_and_join, layout_basic
D:2:      layout_loops_ring, serial_rivers, chequers_serial_rivers_large_a,
          chequers_serial_rivers_micro_e, chequers_serial_rivers_small_3,
          chequers_serial_rivers_micro_e, chequers_serial_rivers_small_b,
          chequers_serial_rivers_small_a, chequers_serial_rivers_room_b
D:3:      layout_basic

Skill      XL: |  1  2  3 |
---------------+----------+-----
Dodging        | 3 |  3.3
Fighting       | 4 |  4.1
Long Blades    | |  3.7
Stealth        | |  0.3

Action                     |  1- 3 |  4- 6 || total
---------------------------+-------+-------++-------
  Melee: Falchion          |    89 |    27 ||   116
         Tailslap          |    11 |     2 ||    13
         Punch             |     1 |       ||     1
  Throw: Dart              |     2 |       ||     2
    Use: Scroll            |     3 |       ||     3
   Stab: Distracted        |     1 |       ||     1
         Sleeping          |     1 |       ||     1
 Armour: Skin              |    58 |    32 ||    90
  Dodge: Dodged            |    59 |     6 ||    65

Table legend: (Time is in decaauts)
 A = Elapsed time spent in this place.
 B = Non-inter-level travel time spent in this place.
 C = Inter-level travel time spent in this place.
 D = Time resting spent in this place.
 E = Time spent auto-exploring this place.
 F = Levels seen in this place.
 G = Mean time per level.
                   A        B        C        D        E       F      G
               +--------+--------+--------+--------+--------+-----+--------+
         Total |   1753 |   1747 |      6 |    129 |      0 |   3 |  584.3 |
       Dungeon |   1753 |   1747 |      6 |    129 |      0 |   3 |  584.3 |
               +--------+--------+--------+--------+--------+-----+--------+

Top non-repeatable levels by time:
     D:2: 920 daAuts
     D:1: 666 daAuts
     D:3: 166 daAuts
